 Dungeon Crawl Stone Soup version 0.20-a0-537-g052e6ba (webtiles) character file.

746 HAL9000 the Carver (level 7, 0/52 HPs)
             Began as a Barachian Berserker on Jan 27, 2017.
             Was a Priest of Trog.
             Succumbed to a worker ant's poison
             ... on level 4 of the Dungeon.
             The game lasted 00:10:30 (5785 turns).

HAL9000 the Carver (Barachian Berserker)            Turns: 5785, Time: 00:10:31

Health: 0/52       AC:  9    Str: 17    XL:     7   Next: 77%
Magic:  7/7        EV:  7    Int:  5    God:    Trog [***...]
Gold:   115        SH:  0    Dex: 11    Spells: 6/6 levels left

rFire    . . .     SeeInvis .   a - +0 falchion
rCold    . . .     Gourm    .   t - +0 chain mail (curse)
rNeg     . . .     Faith    .   (no shield)
rPois    .         Spirit   .   D - +1 hat
rElec    .         Reflect  .   (no cloak)
rCorr    .         Harm     .   (no gloves)
MR       ++...                  (no boots)
Stlth    ..........             q - amulet of regeneration
Regen    1.6/turn               (no ring)
                                (no ring)

@: lethally poisoned (0 -> -5), regenerating, slow
A: swims, slowness 1, strong legs 1
a: Hop, Berserk, Trog's Hand, Burn Spellbooks, Renounce Religion


You were on level 4 of the Dungeon.
You worshipped Trog.
Trog was most pleased with you.
You were hungry.

You visited 1 branch of the dungeon, and saw 4 of its levels.

You collected 115 gold pieces.

Inventory:

Hand Weapons
 a - a +0 falchion (weapon)
Armour
 t - a cursed +0 chain mail (worn)
 D - a +1 hat (worn)
Jewellery
 l - an uncursed amulet of the gourmand
 q - an amulet of regeneration (around neck)
Wands
 w - a wand of lightning (9/15)
Scrolls
 d - a scroll of enchant weapon {unknown}
 e - 3 scrolls of remove curse {unknown}
 f - 4 scrolls of identify {unknown}
 i - a scroll of fog {unknown}
 j - a scroll of magic mapping {unknown}
 k - 5 scrolls of enchant armour {unknown}
 n - 2 scrolls of immolation {unknown}
 o - a scroll of amnesia {unknown}
 y - a scroll of fear {unknown}
 A - a scroll of teleportation {unknown}
 C - a scroll of random uselessness {unknown}
Potions
 g - a potion of might {unknown}
 m - 2 potions of brilliance {unknown}
 p - 2 potions of degeneration {unknown}
 r - a potion of curing {unknown}
 x - a potion of beneficial mutation {unknown}
 z - 2 potions of heal wounds {unknown}
Comestibles
 c - 3 bread rations
 h - a fruit
 s - a royal jelly
 u - 2 meat rations


   Skills:
 - Level 3.2 Fighting
 + Level 9.7 Long Blades
 - Level 2.1 Armour
 - Level 2.0 Dodging


You had 6 spell levels left.
You didn't know any spells.

Dungeon Overview and Level Annotations

Branches:
Dungeon (4/15)
 Temple: D:4-7

Altars:
Dithmenos
Hepliaklqana
Makhleb
The Shining One


Innate Abilities, Weirdness & Mutations

You can swim through water.
You cover ground slowly.
You can hop short distances.


Message History

You are lethally poisoned!
The worker ant poisons you!
You hit the worker ant.
The worker ant is almost dead.
* * * LOW HITPOINT WARNING * * *
You feel sick. The worker ant barely misses you.
Your skin crawls.
You feel resistant to hostile enchantments.
You are feeling hungry.
You feel sick. The worker ant bites you.
* * * LOW HITPOINT WARNING * * *
You hit the worker ant but do no damage.
The worker ant is almost dead.
You feel sick. The worker ant bites you.
* * * LOW HITPOINT WARNING * * *
You are more poisoned.
The worker ant poisons you!
You barely miss the worker ant.
The worker ant is almost dead.
You die...

..# #. #.# ##. ...
#.##........
###.##.##.##.#.#
#.#.##.##.##.#.#
.........##.#.#
#.a.....##.#.#####
#@.........(......
#........#.#.####.
#........#.#.#....
#........#........
#..............##.
#........#....(...
###.####.#.....##.
#.. ..##.##.##.
#########.##.##.


You could see a worker ant.

Vanquished Creatures
  Sigmund (D:3)
  The ghost of Graouh the Skirmisher, an amateur MiFi (D:3)
  A howler monkey (D:4)
  A crimson imp (D:4)
  2 orc priests (D:3)
  An orc wizard (D:3)
  A bullfrog skeleton (D:4)
  2 worker ants
  4 gnolls (D:3)
  8 adders
  6 oozes
  4 worms
  5 dart slugs (D:1)
  2 leopard geckos
  5 orcs (D:3)
  6 giant cockroaches
  8 goblins
  10 hobgoblins
  9 jackals
  5 quokkas
  13 bats
  7 frilled lizards
  9 kobolds
  8 rats
119 creatures vanquished.

Notes
Turn   | Place    | Note
-------+----------+-------------------------------------------
     0 | D:1      | HAL9000 the Barachian Berserker began the quest for the Orb.
     0 | D:1      | Reached XP level 1. HP: 18/18 MP: 1/1
   262 | D:1      | Reached XP level 2. HP: 23/24 MP: 2/2
   271 | D:1      | Reached skill level 4 in Long Blades
   504 | D:1      | Reached XP level 3. HP: 14/29 MP: 3/3
   520 | D:1      | Reached ** piety under Trog
  1332 | D:1      | Reached skill level 5 in Long Blades
  1681 | D:1      | Reached XP level 4. HP: 26/35 MP: 4/4
  2884 | D:2      | Reached skill level 6 in Long Blades
  2975 | D:2      | Reached XP level 5. HP: 41/41 MP: 5/5
  3064 | D:2      | Found a hazy altar of Hepliaklqana.
  3566 | D:3      | Noticed Graouh's ghost (amateur MiFi)
  3592 | D:3      | Killed Graouh's ghost
  3592 | D:3      | Reached skill level 7 in Long Blades
  3592 | D:3      | Reached XP level 6. HP: 45/47 MP: 6/6
  4396 | D:3      | Noticed Sigmund
  4405 | D:3      | Killed Sigmund
  4405 | D:3      | Reached skill level 8 in Long Blades
  4405 | D:3      | Reached XP level 7. HP: 52/52 MP: 7/7
  4598 | D:3      | Reached *** piety under Trog
  4915 | D:3      | Reached skill level 9 in Long Blades
  5397 | D:4      | Found a burning altar of Makhleb.
  5608 | D:4      | Found a glowing golden altar of the Shining One.
  5647 | D:4      | Found a shadowy altar of Dithmenos.
  5784 | D:4      | HP: 1/52 [worker ant (4)]
  5785 | D:4      | Succumbed to a worker ant's poison

Vault maps used:
D:1:      erik_arrival_gehennom, serial_bayou_pond_d, kennysheep_nondescript
D:2:      marbit_many_paths, minmay_misc_feat_enclosed, bh_walls_and_bars
D:3:      nicolae_overflow_hidden_temple, uniq_sigmund
D:4:      makhleb_grotto_becter, tso_altar, lemuel_coloured_pillars_altar,
          serial_shops, nicolae_shop_trees, nicolae_ossuary_entry_giza

Skill      XL: |  1  2  3  4  5  6  7 |
---------------+----------------------+-----
Long Blades    | 4 5 6 7 8 9 |  9.7
Fighting       | |  3.2
Armour         | |  2.1
Dodging        | |  2.0

Action                   |  1- 3 |  4- 6 |  7- 9 || total
-------------------------+-------+-------+-------++-------
Melee: Falchion          |   105 |   185 |   187 ||   477
Invok: Trog's Hand       |       |     2 |     1 ||     3
       Berserk           |       |     3 |     1 ||     4
 Stab: Sleeping          |     2 |       |       ||     2
  Eat: Chunk             |     2 |    11 |     6 ||    19
       Royal jelly       |       |     1 |       ||     1
       Fruit             |       |     1 |     1 ||     2
Armor: Animal skin       |    21 |    24 |       ||    45
       Chain mail        |       |     1 |    89 ||    90
Dodge: Dodged            |    56 |   140 |    45 ||   241
       Rpst.: Falchion   |    19 |    42 |    11 ||    72
